 Dungeon Crawl Stone Soup version 0.24-a0-580-g6a6c3f83c1 (webtiles) character file.

Game seed: 8119678105172486789

437 DasRunzen the Covered (level 6, -3/56 HPs)
             Began as a Minotaur Fighter on Aug 22, 2019.
             Was an Initiate of Makhleb.
             Slain by Eustachio
             ... wielding a +4 rapier of venom
              (8 damage)
             ... on level 4 of the Dungeon.
             The game lasted 00:05:20 (2613 turns).

DasRunzen the Covered (Minotaur Fighter)            Turns: 2613, Time: 00:05:21

Health: -3/56      AC:  9    Str: 21    XL:     6   Next: 69%
Magic:  5/5        EV:  7    Int:  5    God:    Makhleb [......]
Gold:   110        SH: 11    Dex: 11    Spells: 5/5 levels left

rFire    . . .     SeeInvis .   a - +0 war axe
rCold    . . .     Gourm    .   c - +1 shield
rNeg     + . .     Faith    .   b - +0 scale mail
rPois    .         Spirit   .   (helmet restricted)
rElec    .         Reflect  .   (no cloak)
rCorr    .         Harm     .   (no gloves)
MR       .....                  (no boots)
Stlth    ..........             (no amulet)
HPRegen  0.18/turn              o - ring of positive energy
MPRegen  0.09/turn              l - +2 ring of protection

@: lethally poisoned (-3 -> -27)
A: retaliatory headbutt, horns 2
a: Renounce Religion


You were on level 4 of the Dungeon.
You worshipped Makhleb.
Makhleb was noncommittal.
You were hungry.

You visited 1 branch of the dungeon, and saw 4 of its levels.

You collected 110 gold pieces.

Inventory:

Hand Weapons
 a - a +0 war axe (weapon)
Armour
 b - a +0 scale mail (worn)
 c - a +1 shield (worn)
Jewellery
 l - a +2 ring of protection (right hand)
 o - a ring of positive energy (left hand)
 p - an uncursed ring of magical power
Wands
 j - a wand of digging (7)
 q - a wand of iceblast (3)
 r - a wand of polymorph (8)
Scrolls
 e - a scroll of magic mapping
 k - a scroll of teleportation
 m - 2 scrolls of fog
 v - a scroll of blinking
Potions
 d - a potion of might
 g - 2 potions of ambrosia
 h - 4 potions of flight
 n - 2 potions of curing
 s - a potion of agility
 u - a potion of invisibility
Comestibles
 f - 4 rations


   Skills:
 + Level 5.5 Fighting
 + Level 4.8 Axes
 + Level 5.5 Armour
 + Level 5.5 Shields
 + Level 0.0 Invocations


You had 5 spell levels left.
You didn't know any spells.
Your spell library was empty.

Dungeon Overview and Level Annotations

Branches:
Dungeon (4/15)
 Temple: D:4-7

Altars:
Fedhas
Makhleb
Zin

Annotations:
D:4 Eustachio


Innate Abilities, Weirdness & Mutations

You reflexively headbutt those who attack you in melee.
You have a pair of horns on your head.


Message History

* * * LOW HITPOINT WARNING * * *
You feel sick.
The bat disappears in a puff of smoke!
The bat hits you but does no damage. x2; You block the bat's attack.
The bat hits you but does no damage. The ufetubus barely misses you.
You furiously retaliate!
You headbutt the ufetubus!
You kill the ufetubus!
Eustachio hits you with a +4 rapier of venom.
* * * LOW HITPOINT WARNING * * *
You are more poisoned.
You block the gnoll zombie's attack. The bat hits you but does no damage.
You closely miss Eustachio. You headbutt Eustachio.
Eustachio is heavily wounded.
You barely miss the bat. You hit the bat but do no damage.
You closely miss the white imp.
You hit the gnoll zombie but do no damage.
* * * LOW HITPOINT WARNING * * *
You feel very sick. The bat completely misses you.
You block the bat's attack. x3
Eustachio hits you with a +4 rapier of venom!
You die...

##########.#####....
#..............#....
#............<.#....
###.###.............
#.# #.............
#.# #.)...........
###.##########......
#...b.# #......
#b.@b.# #......
#.5Z@.# ........
#..b..# .........
#.....# .....#####
#.....# .....
#.....# #.....#
###.###


You could see Eustachio, a white imp, a gnoll zombie and 4 bats.

Vanquished Creatures
  Grinder (D:3)
  Ijyb (D:3)
  Natasha (thrice) (D:2)
  Robin (D:2)
  4 adders
  2 dart slugs (D:1)
  3 leopard geckos
  4 giant cockroaches
  A gnoll zombie (D:4)
  21 goblins
  12 hobgoblins
  A quokka (D:2)
  10 bats
  3 frilled lizards
  2 kobolds
  20 rats
89 creatures vanquished.

Notes
Turn   | Place    | Note
-------+----------+-------------------------------------------
     0 | D:1      | DasRunzen the Minotaur Fighter began the quest for the Orb.
     0 | D:1      | Reached XP level 1. HP: 19/19 MP: 0/0
    93 | D:1      | Reached XP level 2. HP: 27/27 MP: 1/1
   342 | D:1      | Reached XP level 3. HP: 32/33 MP: 2/2
   613 | D:2      | Found a faded altar of an unknown god.
   658 | D:2      | Noticed Robin
   667 | D:2      | Killed Robin
   680 | D:2      | Noticed Natasha
   686 | D:2      | Killed Natasha
   686 | D:2      | Reached XP level 4. HP: 8/41 MP: 3/3
  1005 | D:2      | Noticed Natasha
  1016 | D:2      | Killed Natasha
  1057 | D:2      | Reached XP level 5. HP: 28/47 MP: 4/4
  1495 | D:2      | Noticed Natasha
  1503 | D:2      | Killed Natasha
  1579 | D:3      | Noticed Grinder
  1593 | D:3      | Killed Grinder
  1593 | D:3      | Reached skill level 5 in Fighting
  1593 | D:3      | Reached skill level 5 in Armour
  1593 | D:3      | Reached skill level 5 in Shields
  1593 | D:3      | Reached XP level 6. HP: 13/56 MP: 5/5
  1852 | D:3      | Found a blossoming altar of Fedhas.
  1909 | D:3      | Noticed Ijyb
  1927 | D:3      | Killed Ijyb
  2309 | D:3      | Found a burning altar of Makhleb.
  2311 | D:3      | Found a glowing silver altar of Zin.
  2311 | D:3      | Noticed an angel
  2312 | D:3      | Noticed a blizzard demon
  2314 | D:3      | Became a worshipper of Makhleb the Destroyer
  2590 | D:4      | Noticed Eustachio
  2613 | D:4      | Slain by Eustachio

Levels and vault maps discovered:
D:1:      erik_arrival_orb_chamber, layout_loops_ring
D:2:      minmay_alternating_diamond, layout_basic,
          chequers_ecumenical_altar_simple_redux, uniq_natasha, uniq_robin
D:3:      layout_basic, fedhas_ov_isle_minmay,
          grunt_temple_overflow_order_and_chaos_2, first_ration, uniq_ijyb,
          uniq_grinder
D:4:      layout_basic, lemuel_zombie_altar_yredelemnul, uniq_eustachio

Skill      XL: |  1  2  3  4  5 |
---------------+----------------+-----
Armour         | 4 5 |  5.5
Shields        | 4 5 |  5.5
Fighting       | 4 5 |  5.5
Axes           | 3 4 |  4.8

Action                   |  1- 3 |  4- 6 || total
-------------------------+-------+-------++-------
Melee: War axe           |   100 |   143 ||   243
       Headbutt          |     9 |    19 ||    28
  Use: Scroll            |     3 |     9 ||    12
  Eat: Chunk             |       |     5 ||     5
Armor: Scale mail        |    45 |    82 ||   127
Dodge: Dodged            |    29 |    50 ||    79
Block: Shield            |    58 |    90 ||   148

Table legend:
 A = Non-vault XP
 B = Vault XP
 C = Vault XP percentage of total XP
 D = Non-vault monster count
 E = Vault monster count
 F = Vault count percentage of total count
                 A         B        C        D         E       F
            +---------+---------+-------+---------+---------+-------
      Total |     175 |     450 |  72.0 |      54 |      35 |  39.3
            +---------+---------+-------+---------+---------+-------
        D:1 |      37 |      12 |  24.5 |      20 |      12 |  37.5
        D:2 |     107 |     117 |  52.2 |      24 |      20 |  45.5
        D:3 |      31 |     319 |  91.1 |      10 |       2 |  16.7
        D:4 |       0 |       2 | 100.0 |       0 |       1 | 100.0
            +---------+---------+-------+---------+---------+-------
